Stars vs Avalanche

Created - Sunday, October 11, 2015 at 02:50

Goals
1 2 3 T
Stars 3 0 2 5
Avalanche 1 2 3 6
Shots
1 2 3 T
Stars 12 7 13 32
Avalanche 9 3 23 35

1st period

1. Avalanche , Matt Moulson 1 (Zach Redmond) at 6:15
2. Stars , Alexander Wennberg 1 (Alexandre Burrows) at 14:35 (PP)
3. Stars , Manny Malhotra 1 (Alex Petrovic, Devin Setoguchi) at 16:15 (PP)
4. Stars , Alex Petrovic 1 (Mike Richards, Alexander Wennberg) at 18:59 (PP)

Penalties :
Scott Hartnell (Col) for Slashing (Minor) at 2:13, Scott Hartnell (Col) for Interference (Minor) at 13:46, Jakub Kindl (Col) for Kneeing (Major) at 15:12

2nd period

5. Avalanche , Jakub Kindl 1 (Ryan O'Reilly, Bobby Ryan) at 0:42 (PP)
6. Avalanche , Bobby Ryan 1 (David Pastrnak) at 8:03 (PP)

Penalties :
Alexandre Burrows (Dal) for Roughing (Minor) at 0:19, Clayton Stoner (Col) for Hooking (Minor) at 5:12, Alex Petrovic (Dal) for High sticking (Minor) at 7:04, Zach Redmond (Col) for Hooking (Minor) at 16:39, Ryan Wilson (Dal) for Tripping (Minor) at 19:43

3rd period

7. Stars , Daniel Paille 1 (Devin Setoguchi, Manny Malhotra) at 4:45 (PP)
8. Avalanche , Jason Zucker 1 (Joffrey Lupul, Eddie Lack) at 8:22 (PP)
9. Stars , Manny Malhotra 2 (Daniel Paille, Matt Tennyson) at 9:17 (PP)
10. Avalanche , Joffrey Lupul 1 (Mikkel Boedker, David Pastrnak) at 11:16 (PP)
11. Avalanche , Brad Stuart 1 (Bobby Ryan, Mark Scheifele) at 14:46

Penalties :
Scott Hartnell (Col) for Cross-checking (Minor) at 4:09, Alexandre Burrows (Dal) for Holding (Minor) at 7:50, Scott Hartnell (Col) for Holding (Minor) at 9:05, Devin Setoguchi (Dal) for Holding (Minor) at 9:59, Brad Stuart (Col) for Holding (Minor) at 19:45

Goalie Stats

Tom McCollum (Dal), 29 saves from 35 shots - (0.829), L, 0-2-0, 59:01 minutes
Eddie Lack (Col), 27 saves from 32 shots - (0.844), W, 2-0-0, 60:00 minutes

Players Stats for Stars

Player Name              G  A  P  +/- PIM S  H  SB GA TA FO     MP     PP MP  PK MP  
------------------------------------------------------------------------------------
Aaron Johnson            0  0  0   0  0   0  0  0  0  0  0/0     3:17   0:00   0:00 
Alex Petrovic            1  1  2  -1  2   3  0  0  0  1  0/0    21:08   5:04   1:39 
Alexander Wennberg       1  1  2   0  0   2  1  0  3  0  2/3    17:48   6:02   0:00 
Alexandre Burrows        0  1  1   0  4   3  2  1  3  1  3/7    24:43   5:39   3:46 
Casey Cizikas            0  0  0  -1  0   3  3  0  0  0  3/8    14:19   0:00   0:15 
Cory Conacher            0  0  0   0  0   0  0  0  1  0  0/0     4:35   0:00   0:00 
Daniel Paille            1  1  2  -1  0   4  1  0  2  0  0/0    18:23   6:38   0:00 
Devin Setoguchi          0  2  2  -1  2   8  1  1  4  1  0/2    18:22   6:38   0:00 
Erik Haula               0  0  0  -1  0   0  0  1  1  2  0/0    13:39   0:23   0:00 
Gabriel Bourque          0  0  0   0  0   1  0  0  0  1  0/0     5:43   0:00   0:00 
Jamie Oleksiak           0  0  0  -1  0   0  3  2  0  1  0/0    27:41   7:35   3:24 
John Moore               0  0  0  -1  0   0  2  4  0  0  0/0    24:24   7:35   3:24 
Jonathan Drouin          0  0  0  -1  0   1  0  0  0  0  1/3    14:41   0:00   1:25 
Manny Malhotra           2  1  3  -1  0   5  1  1  0  1  14/21  19:19   6:38   0:08 
Matt Tennyson            0  1  1  -1  0   0  3  2  0  1  0/0    21:09   5:05   1:39 
Mike Richards            0  1  1   0  0   2  1  1  4  0  10/20  22:27   6:02   4:32 
Patrik Nemeth            0  0  0   0  0   0  0  0  0  1  0/0    11:10   0:00   0:00 
Ryan Wilson              0  0  0   0  2   0  0  0  0  2  0/0    11:57   0:00   0:00 

Players Stats for Avalanche

Player Name              G  A  P  +/- PIM S  H  SB GA TA FO     MP     PP MP  PK MP  
------------------------------------------------------------------------------------
Bobby Ryan               1  2  3   1  0   4  0  1  1  0  0/0    15:41   2:39   0:00 
Brad Stuart              1  0  1   1  2   4  2  1  0  1  0/0    26:01   0:00   8:33 
Clayton Stoner           0  0  0   1  2   0  1  0  0  2  0/0    20:46   0:02   6:54 
Daniel Winnik            0  0  0   0  0   0  1  0  0  0  1/8    13:05   0:00   3:55 
David Pastrnak           0  2  2   0  0   1  0  0  1  0  1/1    10:08   1:28   0:00 
David Rundblad           0  0  0   0  0   0  0  2  0  1  0/0    17:13   1:28   3:21 
Jakub Kindl              1  0  1   1  5   3  3  1  0  2  0/0    22:09   3:35   2:25 
Jason Zucker             1  0  1   0  0   8  0  0  8  0  0/1    20:01   3:12   5:29 
Joffrey Lupul            1  1  2   0  0   2  0  1  3  0  0/0    10:52   2:22   0:00 
Ladislav Smid            0  0  0   0  0   0  1  0  0  2  0/0    16:51   0:23   4:07 
Mark Scheifele           0  1  1   1  0   1  1  0  0  0  9/14   16:01   2:22   0:00 
Matt Moulson             1  0  1   1  0   1  1  0  1  0  0/1     8:13   0:00   0:00 
Mikkel Boedker           0  1  1   1  0   2  2  0  1  0  0/1    15:22   2:22   0:00 
Rickard Rakell           0  0  0   1  0   1  3  0  2  1  1/4     9:48   0:00   1:21 
Ryan O'Reilly            0  1  1   0  0   3  0  1  0  2  16/29  23:56   2:41   8:41 
Scott Hartnell           0  0  0   0  8   3  1  0  2  0  3/4    20:25   2:41   5:54 
Valeri Nichushkin        0  0  0   1  0   2  1  0  1  0  0/1     8:13   0:00   0:00 
Zach Redmond             0  1  1   1  2   0  0  0  0  1  0/0    12:19   0:00   0:00 

3 Stars

1 - Manny Malhotra (Dal)
2 - Bobby Ryan (Col)
3 - Alexander Wennberg (Dal)

Power Play

Stars - 5 on 11 Attempt(s) - 45.45%
Avalanche - 4 on 5 Attempt(s) - 80.00%

Penalty Kill

Stars - 1 on 5 Attempt(s) - 20.00% - Score 0 goal in Penalty Kill
Avalanche - 6 on 11 Attempt(s) - 54.55% - Score 0 goal in Penalty Kill

Team Stat

Stars - Hits : 18 - Faceoff Wins : 33 - Blocked Shots : 13 - Penalty Minutes : 10
Avalanche - Hits : 17 - Faceoff Wins : 31 - Blocked Shots : 7 - Penalty Minutes : 19

Official

Referees : Unknown
Linesman : Unknown

Game Notes

13:25 of 1st period - Penalty Shot by Mark Scheifele for Avalanche - Shot Misses the Net

Finance

Level 1 -- Attendance: 6000 (100.00%) -- Ticket Income $510,000
Level 2 -- Attendance: 5000 (100.00%) -- Ticket Income $275,000
Level 3 -- Attendance: 1838 (91.90%) -- Ticket Income $55,140
Level 4 -- Attendance: 2861 (71.53%) -- Ticket Income $57,220
Luxury Box -- Attendance: 1000 (100.00%) -- Ticket Income $160,000
Game was played at the Pepsi Center.
Total Attendance: 16699 (92.77%)
Total Ticket Income: $1,057,360
Other Income: $518,106
Total Income: $1,575,466

Stars

5 vs 5 Forward 
   Center                   Left Wing                Right Wing               Time % Phy DF OF 
 1 Mike Richards            Alexandre Burrows        Alexander Wennberg       35     1   2  2  
 2 Manny Malhotra           Daniel Paille            Devin Setoguchi          30     1   2  2  
 3 Casey Cizikas            Erik Haula               Jonathan Drouin          22     1   2  2  
 4 Alexandre Burrows        Gabriel Bourque          Cory Conacher            13     1   2  2  

5 vs 5 Defense 
   Defense                  Defense                                           Time % Phy DF OF 
 1 Jamie Oleksiak           John Moore                                        35     1   2  2  
 2 Alex Petrovic            Matt Tennyson                                     30     1   2  2  
 3 Ryan Wilson              Patrik Nemeth                                     22     1   2  2  
 4 Aaron Johnson            Jamie Oleksiak                                    13     1   2  2  

PowerPlay Forward 
   Center                   Left Wing                Right Wing               Time % Phy DF OF 
 1 Mike Richards            Alexandre Burrows        Alexander Wennberg       60     1   2  2  
 2 Manny Malhotra           Daniel Paille            Devin Setoguchi          40     1   2  2  

PowerPlay Defense
   Defense                  Defense                                           Time % Phy DF OF 
 1 Jamie Oleksiak           John Moore                                        60     1   2  2  
 2 Alex Petrovic            Matt Tennyson                                     40     1   2  2  

Penalty Kill 4 Players Forward 
   Center                   Wing                     Time % Phy DF OF 
 1 Alexandre Burrows        Mike Richards            60     1   2  2  
 2 Manny Malhotra           Casey Cizikas            40     1   2  2  

Penalty Kill 4 Players Defense
   Defense                  Defense                  Time % Phy DF OF 
 1 Jamie Oleksiak           John Moore               60     1   2  2  
 2 Alex Petrovic            Matt Tennyson            40     1   2  2  

Penalty Kill - 3 Players Forward 
   Forward                                           Time % Phy DF OF 
 1 Alexandre Burrows                                 60     1   2  2  
 2 Mike Richards                                     40     1   2  2  

Penalty Kill - 3 Players Defense
   Defense                  Defense                  Time % Phy DF OF 
 1 Jamie Oleksiak           John Moore               60     1   2  2  
 2 Alex Petrovic            Matt Tennyson            40     1   2  2  

4 vs 4 Forward 
   Center                   Wing                     Time % Phy DF OF 
 1 Alexandre Burrows        Mike Richards            60     1   2  2  
 2 Manny Malhotra           Casey Cizikas            40     1   2  2  

4 vs 4 Defense
   Defense                  Defense                  Time % Phy DF OF 
 1 Jamie Oleksiak           John Moore               60     1   2  2  
 2 Alex Petrovic            Matt Tennyson            40     1   2  2  

Last Minutes Offensive
   Center                   Left Wing                Right Wing               Defense                  Defense                  
   Mike Richards            Alexandre Burrows        Alexander Wennberg       Jamie Oleksiak           John Moore               

Last Minutes Defensive
   Center                   Left Wing                Right Wing               Defense                  Defense                  
   Mike Richards            Alexandre Burrows        Alexander Wennberg       Jamie Oleksiak           John Moore               

Goaltenders
Starting : Tom McCollum             
Backup : Joacim Eriksson          

Extra Forwards
Normal : Erik Haula, Gabriel Bourque, Jonathan Drouin - PP : Erik Haula, Gabriel Bourque - PK : Jonathan Drouin
Extra Defensemen
Normal : Ryan Wilson, Patrik Nemeth, Aaron Johnson - PP : Ryan Wilson - PK : Patrik Nemeth, Aaron Johnson
Penalty Shots
Alexandre Burrows, Mike Richards, Manny Malhotra, Casey Cizikas, Alexander Wennberg

Avalanche

5 vs 5 Forward 
   Center                   Left Wing                Right Wing               Time % Phy DF OF 
 1 Ryan O'Reilly            Scott Hartnell           Jason Zucker             35     0   1  4  
 2 Mark Scheifele           Mikkel Boedker           Bobby Ryan               30     0   2  3  
 3 Daniel Winnik            David Pastrnak           Joffrey Lupul            22     0   2  3  
 4 Rickard Rakell           Matt Moulson             Valeri Nichushkin        13     0   2  3  

5 vs 5 Defense 
   Defense                  Defense                                           Time % Phy DF OF 
 1 Brad Stuart              Jakub Kindl                                       35     1   2  2  
 2 Clayton Stoner           Zach Redmond                                      30     1   2  2  
 3 David Rundblad           Ladislav Smid                                     22     1   2  2  
 4 Brad Stuart              Jakub Kindl                                       13     1   2  2  

PowerPlay Forward 
   Center                   Left Wing                Right Wing               Time % Phy DF OF 
 1 Ryan O'Reilly            Scott Hartnell           Bobby Ryan               60     0   1  4  
 2 Mark Scheifele           Mikkel Boedker           Joffrey Lupul            40     0   2  3  

PowerPlay Defense
   Defense                  Defense                                           Time % Phy DF OF 
 1 Jakub Kindl              Jason Zucker                                      60     0   1  4  
 2 David Pastrnak           David Rundblad                                    40     0   1  4  

Penalty Kill 4 Players Forward 
   Center                   Wing                     Time % Phy DF OF 
 1 Ryan O'Reilly            Scott Hartnell           60     1   2  2  
 2 Daniel Winnik            Jason Zucker             40     1   2  2  

Penalty Kill 4 Players Defense
   Defense                  Defense                  Time % Phy DF OF 
 1 Brad Stuart              Clayton Stoner           60     1   2  2  
 2 Ladislav Smid            Jakub Kindl              40     1   2  2  

Penalty Kill - 3 Players Forward 
   Forward                                           Time % Phy DF OF 
 1 Ryan O'Reilly                                     60     1   2  2  
 2 Scott Hartnell                                    40     1   2  2  

Penalty Kill - 3 Players Defense
   Defense                  Defense                  Time % Phy DF OF 
 1 Brad Stuart              Ladislav Smid            60     1   2  2  
 2 Clayton Stoner           Jakub Kindl              40     1   2  2  

4 vs 4 Forward 
   Center                   Wing                     Time % Phy DF OF 
 1 Ryan O'Reilly            Scott Hartnell           60     1   2  2  
 2 Mark Scheifele           Jason Zucker             40     1   2  2  

4 vs 4 Defense
   Defense                  Defense                  Time % Phy DF OF 
 1 Brad Stuart              Jakub Kindl              60     1   2  2  
 2 Clayton Stoner           Ladislav Smid            40     1   2  2  

Last Minutes Offensive
   Center                   Left Wing                Right Wing               Defense                  Defense                  
   Ryan O'Reilly            Scott Hartnell           Bobby Ryan               Jason Zucker             Mikkel Boedker           

Last Minutes Defensive
   Center                   Left Wing                Right Wing               Defense                  Defense                  
   Ryan O'Reilly            Daniel Winnik            Mark Scheifele           Brad Stuart              Clayton Stoner           

Goaltenders
Starting : Eddie Lack               
Backup : Jack Campbell            

Extra Forwards
Normal : Jason Zucker, Scott Hartnell, Mikkel Boedker - PP : Jason Zucker, Scott Hartnell - PK : Jason Zucker
Extra Defensemen
Normal : Jakub Kindl, David Rundblad, Zach Redmond - PP : Jakub Kindl - PK : Jakub Kindl, David Rundblad
Penalty Shots
Joffrey Lupul, Ryan O'Reilly, Rickard Rakell, Matt Moulson, Mikkel Boedker

% Time on Ice - Stars

Lines # - Real PCT - Wanted PCT - Time Play
Normal Forward
1 - 27% - 35% - 11:06
2 - 30% - 30% - 12:33
3 - 32% - 22% - 13:16
4 - 11% - 13% - 4:35
Normal Defense
1 - 32% - 35% - 13:18
2 - 35% - 30% - 14:25
3 - 25% - 22% - 10:30
4 - 8% - 13% - 3:17
PP Forward
1 - 48% - 60% - 6:02
2 - 52% - 40% - 6:38
PP Defense
1 - 60% - 60% - 7:35
2 - 40% - 40% - 5:05
PK Forward
1 - 97% - 60% - 4:55
2 - 3% - 40% - 0:08
PK Defense
1 - 67% - 60% - 3:24
2 - 33% - 40% - 1:39
PK3 Forward
1 - 0% - 60%
2 - 0% - 40%
PK3 Defense
1 - 0% - 60%
2 - 0% - 40%
44 Forward
1 - 100% - 60% - 0:07
2 - 0% - 40% - 0:00
44 Defense
1 - 100% - 60% - 0:07
2 - 0% - 40% - 0:00
Last Minute Offensive  - 0:40
Last Minute Defensive  - 0:00
Total
Forward - 60:00
Defense - 60:00

% Time on Ice - Avalanche

Lines # - Real PCT - Wanted PCT - Time Play
Normal Forward
1 - 28% - 35% - 11:47
2 - 31% - 30% - 13:00
3 - 20% - 22% - 8:30
4 - 20% - 13% - 8:13
Normal Defense
1 - 34% - 35% - 14:08
2 - 30% - 30% - 12:27
3 - 29% - 22% - 12:14
4 - 6% - 13% - 2:41
PP Forward
1 - 53% - 60% - 2:41
2 - 47% - 40% - 2:22
PP Defense
1 - 63% - 60% - 3:12
2 - 37% - 40% - 1:51
PK Forward
1 - 69% - 60% - 8:45
2 - 31% - 40% - 3:55
PK Defense
1 - 68% - 60% - 8:33
2 - 33% - 40% - 4:07
PK3 Forward
1 - 0% - 60%
2 - 0% - 40%
PK3 Defense
1 - 0% - 60%
2 - 0% - 40%
44 Forward
1 - 100% - 60% - 0:07
2 - 0% - 40% - 0:00
44 Defense
1 - 0% - 60% - 0:00
2 - 100% - 40% - 0:07
Last Minute Offensive  - 0:00
Last Minute Defensive  - 0:40
Total
Forward - 60:00
Defense - 60:00

Play by Play

1st period


0:01 of 1st period - Ryan O'Reilly wins face-off versus Mike Richards in neutral zone.
0:16 of 1st period - Snap shot by Ryan O'Reilly.
0:16 of 1st period - Stopped by Tom McCollum without a rebound.
0:17 of 1st period - Ryan O'Reilly wins face-off versus Mike Richards in Stars zone.
0:23 of 1st period - Off-side.
0:24 of 1st period - Mark Scheifele wins face-off versus Manny Malhotra in neutral zone.
0:33 of 1st period - Wrist shot by Bobby Ryan.
0:33 of 1st period - Shot Blocked by Matt Tennyson.
0:57 of 1st period - Wrist shot by Devin Setoguchi.
0:57 of 1st period - Stopped by Eddie Lack with a rebound.
0:59 of 1st period - Slapshot by Manny Malhotra.
0:59 of 1st period - Stopped by Eddie Lack with a rebound.
1:01 of 1st period - Wrist shot by Daniel Paille.
1:01 of 1st period - Stopped by Eddie Lack with a rebound.
1:38 of 1st period - Icing by Jonathan Drouin.
1:39 of 1st period - Daniel Winnik wins face-off versus Casey Cizikas in Stars zone.
2:04 of 1st period - Snap shot by David Pastrnak.
2:04 of 1st period - Shot Misses the Net.
2:06 of 1st period - Wrist shot by Joffrey Lupul.
2:06 of 1st period - Shot Blocked by Mike Richards.
2:10 of 1st period - Slapshot by David Pastrnak.
2:10 of 1st period - Stopped by Tom McCollum without a rebound.
2:11 of 1st period - Ryan O'Reilly wins face-off versus Mike Richards in Stars zone.
2:13 of 1st period - Minor Penalty to Scott Hartnell for Slashing.
2:14 of 1st period - Alexander Wennberg wins face-off versus Ryan O'Reilly in Avalanche zone.
3:06 of 1st period - Clayton Stoner is hit by Jamie Oleksiak and loses puck.
3:15 of 1st period - Snap shot by Daniel Paille.
3:15 of 1st period - Shot Misses the Net.
3:17 of 1st period - Snap shot by Devin Setoguchi.
3:17 of 1st period - Shot Misses the Net.
4:00 of 1st period - Mike Richards is hit by Rickard Rakell and loses puck.
4:13 of 1st period - Penalty to Scott Hartnell is over, Scott Hartnell is back on ice.
4:26 of 1st period - Snap shot by Devin Setoguchi.
4:26 of 1st period - Stopped by Eddie Lack without a rebound.
4:27 of 1st period - Manny Malhotra wins face-off versus Mark Scheifele in Avalanche zone.
4:38 of 1st period - Wrist shot by Mikkel Boedker.
4:38 of 1st period - Stopped by Tom McCollum without a rebound.
4:39 of 1st period - Mark Scheifele wins face-off versus Casey Cizikas in Stars zone.
4:56 of 1st period - Snap shot by Mikkel Boedker.
4:56 of 1st period - Shot Misses the Net.
4:58 of 1st period - Wrist shot by Bobby Ryan.
4:58 of 1st period - Stopped by Tom McCollum without a rebound.
4:59 of 1st period - David Pastrnak wins face-off versus Alexandre Burrows in Stars zone.
5:10 of 1st period - Snap shot by Cory Conacher.
5:10 of 1st period - Shot Blocked by David Rundblad.
6:05 of 1st period - Matt Tennyson is hit by Rickard Rakell.
6:15 of 1st period - Snap shot by Matt Moulson.
6:15 of 1st period - Goal by Matt Moulson - Stars : 0 - Avalanche : 1.
6:16 of 1st period - Manny Malhotra wins face-off versus Ryan O'Reilly in neutral zone.
6:45 of 1st period - Snap shot by Jason Zucker.
6:45 of 1st period - Stopped by Tom McCollum without a rebound.
6:46 of 1st period - Mike Richards wins face-off versus Mark Scheifele in Stars zone.
6:57 of 1st period - Wrist shot by Mike Richards.
6:57 of 1st period - Deflect By Alexandre Burrows.
6:57 of 1st period - Shot Misses the Net.
6:57 of 1st period - Puck is out of play.
6:58 of 1st period - Mark Scheifele wins face-off versus Mike Richards in Avalanche zone.
8:01 of 1st period - Zach Redmond is hit by Daniel Paille and loses puck.
8:36 of 1st period - Snap shot by David Pastrnak.
8:36 of 1st period - Shot Hit the Post.
8:38 of 1st period - Slapshot by Brad Stuart.
8:38 of 1st period - Shot Misses the Net.
8:40 of 1st period - Snap shot by Joffrey Lupul.
8:40 of 1st period - Shot Misses the Net.
8:42 of 1st period - Snap shot by Daniel Winnik.
8:42 of 1st period - Shot Misses the Net.
9:52 of 1st period - Bobby Ryan is hit by John Moore and loses puck.
10:17 of 1st period - Mark Scheifele is hit by Jamie Oleksiak and loses puck.
11:07 of 1st period - Ryan O'Reilly is hit by Casey Cizikas and loses puck.
12:34 of 1st period - Matt Moulson is hit by Casey Cizikas.
12:42 of 1st period - Slapshot by Jonathan Drouin.
12:42 of 1st period - Stopped by Eddie Lack with a rebound.
12:53 of 1st period - Patrik Nemeth is hit by Brad Stuart and loses puck.
13:03 of 1st period - Icing by Jonathan Drouin.
13:04 of 1st period - Mark Scheifele wins face-off versus Casey Cizikas in Stars zone.
13:25 of 1st period - Penalty Shot by Mark Scheifele for Avalanche.
13:25 of 1st period - Wrist shot by Mark Scheifele.
13:25 of 1st period - Shot Misses the Net.
13:26 of 1st period - Ryan O'Reilly wins face-off versus Mike Richards in Avalanche zone.
13:31 of 1st period - Wrist shot by Jason Zucker.
13:31 of 1st period - Stopped by Tom McCollum with a rebound.
13:46 of 1st period - Minor Penalty to Scott Hartnell for Interference.
13:47 of 1st period - Ryan O'Reilly wins face-off versus Devin Setoguchi in Avalanche zone.
13:59 of 1st period - Wrist shot by Manny Malhotra.
13:59 of 1st period - Stopped by Eddie Lack with a rebound.
14:01 of 1st period - Slapshot by Daniel Paille.
14:01 of 1st period - Shot Misses the Net.
14:35 of 1st period - Wrist shot by Alexander Wennberg.
14:35 of 1st period - Goal by Alexander Wennberg - Stars : 1 - Avalanche : 1.
14:36 of 1st period - Mike Richards wins face-off versus Mark Scheifele in neutral zone.
14:53 of 1st period - Backhand shot by Mike Richards.
14:53 of 1st period - Shot Misses the Net.
14:55 of 1st period - Wrist shot by Alexandre Burrows.
14:55 of 1st period - Shot Misses the Net.
14:57 of 1st period - Slapshot by Alex Petrovic.
14:57 of 1st period - Stopped by Eddie Lack without a rebound.
14:58 of 1st period - Casey Cizikas wins face-off versus Daniel Winnik in Avalanche zone.
15:12 of 1st period - Major Penalty to Jakub Kindl for Kneeing.
15:13 of 1st period - Mike Richards wins face-off versus Ryan O'Reilly in Avalanche zone.
15:31 of 1st period - Wrist shot by Mike Richards.
15:31 of 1st period - Shot Misses the Net.
15:33 of 1st period - Snap shot by Alexandre Burrows.
15:33 of 1st period - Shot Misses the Net.
15:35 of 1st period - Slapshot by Alexander Wennberg.
15:35 of 1st period - Shot Misses the Net.
15:39 of 1st period - Slapshot by Mike Richards.
15:39 of 1st period - Shot Misses the Net.
15:55 of 1st period - Wrist shot by Ryan O'Reilly.
15:55 of 1st period - Stopped by Tom McCollum without a rebound.
15:56 of 1st period - Ryan O'Reilly wins face-off versus Manny Malhotra in Stars zone.
15:57 of 1st period - Wrist shot by Scott Hartnell.
15:57 of 1st period - Stopped by Tom McCollum with a rebound.
16:11 of 1st period - Backhand shot by Alex Petrovic.
16:11 of 1st period - Deflect By Devin Setoguchi.
16:11 of 1st period - Stopped by Eddie Lack with a rebound.
16:13 of 1st period - Slapshot by Alex Petrovic.
16:13 of 1st period - Shot Misses the Net.
16:15 of 1st period - Snap shot by Manny Malhotra.
16:15 of 1st period - Goal by Manny Malhotra - Stars : 2 - Avalanche : 1.
16:16 of 1st period - Alexander Wennberg wins face-off versus Ryan O'Reilly in neutral zone.
16:42 of 1st period - Slapshot by Mike Richards.
16:42 of 1st period - Deflect By Alexandre Burrows.
16:42 of 1st period - Shot Blocked by Brad Stuart.
16:42 of 1st period - Puck is out of play.
16:43 of 1st period - Manny Malhotra wins face-off versus Daniel Winnik in Avalanche zone.
17:08 of 1st period - Slapshot by Daniel Paille.
17:08 of 1st period - Shot Misses the Net.
17:36 of 1st period - David Rundblad is hit by Mike Richards and loses puck.
18:15 of 1st period - Icing by Manny Malhotra.
18:16 of 1st period - Manny Malhotra wins face-off versus Daniel Winnik in Stars zone.
18:57 of 1st period - Wrist shot by Mike Richards.
18:57 of 1st period - Stopped by Eddie Lack with a rebound.
18:59 of 1st period - Snap shot by Alex Petrovic.
18:59 of 1st period - Goal by Alex Petrovic - Stars : 3 - Avalanche : 1.
19:00 of 1st period - Manny Malhotra wins face-off versus Ryan O'Reilly in neutral zone.
Goals for this period are 3 for Stars vs 1 for Avalanche.
Shots for this period are 12 for Stars vs 9 for Avalanche.

2nd period


0:01 of 2nd period - Ryan O'Reilly wins face-off versus Mike Richards in neutral zone.
0:12 of 2nd period - Penalty to Jakub Kindl is over, Jakub Kindl is back on ice.
0:19 of 2nd period - Minor Penalty to Alexandre Burrows for Roughing.
0:20 of 2nd period - Ryan O'Reilly wins face-off versus Jonathan Drouin in Stars zone.
0:38 of 2nd period - Wrist shot by Bobby Ryan.
0:38 of 2nd period - Shot Misses the Net.
0:40 of 2nd period - Wrist shot by Ryan O'Reilly.
0:40 of 2nd period - Stopped by Tom McCollum with a rebound.
0:42 of 2nd period - Slapshot by Jakub Kindl.
0:42 of 2nd period - Goal by Jakub Kindl - Stars : 3 - Avalanche : 2.
0:43 of 2nd period - Mike Richards wins face-off versus Ryan O'Reilly in neutral zone.
0:46 of 2nd period - Ryan O'Reilly is hit by John Moore and loses puck.
0:59 of 2nd period - Brad Stuart is hit by Alexandre Burrows and loses puck.
4:12 of 2nd period - Slapshot by Alexander Wennberg.
4:12 of 2nd period - Shot Blocked by Ryan O'Reilly.
4:18 of 2nd period - Mike Richards is hit by Scott Hartnell and loses puck.
4:30 of 2nd period - Snap shot by Scott Hartnell.
4:30 of 2nd period - Shot Misses the Net.
5:12 of 2nd period - Minor Penalty to Clayton Stoner for Hooking.
5:13 of 2nd period - Manny Malhotra wins face-off versus Ryan O'Reilly in Avalanche zone.
6:33 of 2nd period - Ryan O'Reilly is hit by Matt Tennyson and loses puck.
6:50 of 2nd period - Daniel Winnik is hit by Matt Tennyson and loses puck.
7:04 of 2nd period - Minor Penalty to Alex Petrovic for High sticking.
7:05 of 2nd period - Ryan O'Reilly wins face-off versus Alexandre Burrows in Stars zone.
7:12 of 2nd period - Penalty to Clayton Stoner is over, Clayton Stoner is back on ice.
8:03 of 2nd period - Wrist shot by Bobby Ryan.
8:03 of 2nd period - Goal by Bobby Ryan - Stars : 3 - Avalanche : 3.
8:04 of 2nd period - Manny Malhotra wins face-off versus Rickard Rakell in neutral zone.
8:19 of 2nd period - Snap shot by Devin Setoguchi.
8:19 of 2nd period - Stopped by Eddie Lack with a rebound.
8:25 of 2nd period - Snap shot by Daniel Paille.
8:25 of 2nd period - Shot Misses the Net.
8:27 of 2nd period - Wrist shot by Daniel Paille.
8:27 of 2nd period - Shot Misses the Net.
8:29 of 2nd period - Slapshot by Alex Petrovic.
8:29 of 2nd period - Stopped by Eddie Lack with a rebound.
8:31 of 2nd period - Backhand shot by Alex Petrovic.
8:31 of 2nd period - Shot Misses the Net.
8:33 of 2nd period - Wrist shot by Manny Malhotra.
8:33 of 2nd period - Stopped by Eddie Lack with a rebound.
8:47 of 2nd period - Matt Tennyson is hit by Clayton Stoner and loses puck.
9:17 of 2nd period - Jakub Kindl is hit by Casey Cizikas and loses puck.
9:52 of 2nd period - Snap shot by Devin Setoguchi.
9:52 of 2nd period - Stopped by Eddie Lack with a rebound.
9:54 of 2nd period - Slapshot by Devin Setoguchi.
9:54 of 2nd period - Shot Misses the Net.
9:56 of 2nd period - Slapshot by Manny Malhotra.
9:56 of 2nd period - Shot Misses the Net.
9:58 of 2nd period - Snap shot by Manny Malhotra.
9:58 of 2nd period - Shot Misses the Net.
10:00 of 2nd period - Wrist shot by Devin Setoguchi.
10:00 of 2nd period - Stopped by Eddie Lack without a rebound.
10:01 of 2nd period - Scott Hartnell wins face-off versus Manny Malhotra in Avalanche zone.
11:39 of 2nd period - Wrist shot by Alexander Wennberg.
11:39 of 2nd period - Shot Misses the Net.
11:41 of 2nd period - Slapshot by Alex Petrovic.
11:41 of 2nd period - Shot Misses the Net.
11:49 of 2nd period - Snap shot by Alexandre Burrows.
11:49 of 2nd period - Shot Misses the Net.
12:05 of 2nd period - Ladislav Smid is hit by Matt Tennyson and loses puck.
12:12 of 2nd period - Wrist shot by Gabriel Bourque.
12:12 of 2nd period - Stopped by Eddie Lack with a rebound.
13:13 of 2nd period - Brad Stuart is hit by Alexander Wennberg and loses puck.
13:28 of 2nd period - Brad Stuart is hit by Manny Malhotra and loses puck.
13:38 of 2nd period - Off-side.
13:39 of 2nd period - Manny Malhotra wins face-off versus Mark Scheifele in neutral zone.
13:50 of 2nd period - Wrist shot by Jonathan Drouin.
13:50 of 2nd period - Deflect By Mikkel Boedker.
13:50 of 2nd period - Shot Blocked by Bobby Ryan.
13:50 of 2nd period - Puck is out of play.
13:51 of 2nd period - Casey Cizikas wins face-off versus Rickard Rakell in Avalanche zone.
14:28 of 2nd period - Matt Tennyson is hit by Rickard Rakell and loses puck.
15:02 of 2nd period - Snap shot by Ryan O'Reilly.
15:02 of 2nd period - Shot Blocked by Devin Setoguchi.
15:15 of 2nd period - Icing by Ryan O'Reilly.
15:16 of 2nd period - Mike Richards wins face-off versus Ryan O'Reilly in Avalanche zone.
16:02 of 2nd period - Jamie Oleksiak is hit by Jakub Kindl and loses puck.
16:39 of 2nd period - Minor Penalty to Zach Redmond for Hooking.
16:40 of 2nd period - Manny Malhotra wins face-off versus Scott Hartnell in Avalanche zone.
17:25 of 2nd period - Matt Tennyson is hit by Brad Stuart and loses puck.
17:47 of 2nd period - Off-side.
17:48 of 2nd period - Manny Malhotra wins face-off versus Daniel Winnik in neutral zone.
18:39 of 2nd period - Penalty to Zach Redmond is over, Zach Redmond is back on ice.
19:22 of 2nd period - Slapshot by Alex Petrovic.
19:22 of 2nd period - Shot Blocked by David Rundblad.
19:28 of 2nd period - Snap shot by Casey Cizikas.
19:28 of 2nd period - Stopped by Eddie Lack without a rebound.
19:29 of 2nd period - Rickard Rakell wins face-off versus Mike Richards in Avalanche zone.
19:43 of 2nd period - Minor Penalty to Ryan Wilson for Tripping.
19:44 of 2nd period - Alexandre Burrows wins face-off versus Mikkel Boedker in Stars zone.
Goals for this period are 0 for Stars vs 2 for Avalanche.
Shots for this period are 7 for Stars vs 3 for Avalanche.

3rd period


0:01 of 3rd period - Alexandre Burrows wins face-off versus Ryan O'Reilly in neutral zone.
0:56 of 3rd period - Mike Richards is hit by Mikkel Boedker and loses puck.
1:05 of 3rd period - Slapshot by Joffrey Lupul.
1:05 of 3rd period - Shot Misses the Net.
1:07 of 3rd period - Snap shot by Joffrey Lupul.
1:07 of 3rd period - Stopped by Tom McCollum with a rebound.
1:43 of 3rd period - Penalty to Ryan Wilson is over, Ryan Wilson is back on ice.
1:51 of 3rd period - Casey Cizikas is hit by Matt Moulson and loses puck.
1:56 of 3rd period - Wrist shot by Valeri Nichushkin.
1:56 of 3rd period - Shot Blocked by Matt Tennyson.
3:05 of 3rd period - Snap shot by Mikkel Boedker.
3:05 of 3rd period - Shot Misses the Net.
3:17 of 3rd period - Ryan O'Reilly is hit by Jamie Oleksiak and loses puck.
3:30 of 3rd period - Gabriel Bourque is hit by Jakub Kindl and loses puck.
4:03 of 3rd period - Wrist shot by Devin Setoguchi.
4:03 of 3rd period - Stopped by Eddie Lack with a rebound.
4:09 of 3rd period - Minor Penalty to Scott Hartnell for Cross-checking.
4:10 of 3rd period - Alexandre Burrows wins face-off versus Ryan O'Reilly in Avalanche zone.
4:13 of 3rd period - Wrist shot by Mike Richards.
4:13 of 3rd period - Shot Misses the Net.
4:41 of 3rd period - Slapshot by Devin Setoguchi.
4:41 of 3rd period - Deflect By Daniel Paille.
4:41 of 3rd period - Stopped by Eddie Lack without a rebound.
4:42 of 3rd period - Manny Malhotra wins face-off versus Jason Zucker in Avalanche zone.
4:45 of 3rd period - Snap shot by Devin Setoguchi.
4:45 of 3rd period - Deflect By Daniel Paille.
4:45 of 3rd period - Goal by Daniel Paille - Stars : 4 - Avalanche : 3.
4:46 of 3rd period - Mark Scheifele wins face-off versus Casey Cizikas in neutral zone.
5:09 of 3rd period - Wrist shot by Casey Cizikas.
5:09 of 3rd period - Stopped by Eddie Lack with a rebound.
5:11 of 3rd period - Snap shot by Erik Haula.
5:11 of 3rd period - Shot Misses the Net.
5:13 of 3rd period - Slapshot by Erik Haula.
5:13 of 3rd period - Shot Misses the Net.
5:15 of 3rd period - Snap shot by Casey Cizikas.
5:15 of 3rd period - Deflect By Bobby Ryan.
5:15 of 3rd period - Stopped by Eddie Lack without a rebound.
5:16 of 3rd period - Mike Richards wins face-off versus Daniel Winnik in Avalanche zone.
5:17 of 3rd period - Slapshot by John Moore.
5:17 of 3rd period - Shot Blocked by Joffrey Lupul.
5:27 of 3rd period - Jamie Oleksiak is hit by Daniel Winnik and loses puck.
5:51 of 3rd period - Icing by Daniel Winnik.
5:52 of 3rd period - Manny Malhotra wins face-off versus Daniel Winnik in Avalanche zone.
6:52 of 3rd period - John Moore is hit by Jakub Kindl and loses puck.
6:57 of 3rd period - Wrist shot by Ryan O'Reilly.
6:57 of 3rd period - Shot Misses the Net.
6:59 of 3rd period - Slapshot by Jakub Kindl.
6:59 of 3rd period - Shot Blocked by Jamie Oleksiak.
7:01 of 3rd period - Slapshot by Jason Zucker.
7:01 of 3rd period - Shot Blocked by John Moore.
7:03 of 3rd period - Slapshot by Brad Stuart.
7:03 of 3rd period - Shot Misses the Net.
7:05 of 3rd period - Wrist shot by Jason Zucker.
7:05 of 3rd period - Shot Misses the Net.
7:07 of 3rd period - Slapshot by Brad Stuart.
7:07 of 3rd period - Deflect By Casey Cizikas.
7:07 of 3rd period - Stopped by Tom McCollum with a rebound.
7:09 of 3rd period - Snap shot by Jason Zucker.
7:09 of 3rd period - Stopped by Tom McCollum with a rebound.
7:11 of 3rd period - Slapshot by Brad Stuart.
7:11 of 3rd period - Stopped by Tom McCollum with a rebound.
7:13 of 3rd period - Slapshot by Brad Stuart.
7:13 of 3rd period - Shot Blocked by John Moore.
7:15 of 3rd period - Wrist shot by Jason Zucker.
7:15 of 3rd period - Shot Misses the Net.
7:17 of 3rd period - Slapshot by Jakub Kindl.
7:17 of 3rd period - Shot Blocked by Erik Haula.
7:19 of 3rd period - Slapshot by Jakub Kindl.
7:19 of 3rd period - Stopped by Tom McCollum with a rebound.
7:29 of 3rd period - Slapshot by Matt Moulson.
7:29 of 3rd period - Shot Blocked by John Moore.
7:31 of 3rd period - Wrist shot by Valeri Nichushkin.
7:31 of 3rd period - Stopped by Tom McCollum without a rebound.
7:32 of 3rd period - Mike Richards wins face-off versus Valeri Nichushkin in Stars zone.
7:41 of 3rd period - Wrist shot by Rickard Rakell.
7:41 of 3rd period - Stopped by Tom McCollum without a rebound.
7:42 of 3rd period - Mike Richards wins face-off versus Rickard Rakell in Stars zone.
7:50 of 3rd period - Minor Penalty to Alexandre Burrows for Holding.
7:51 of 3rd period - Ryan O'Reilly wins face-off versus Jonathan Drouin in Stars zone.
8:12 of 3rd period - Slapshot by Jason Zucker.
8:12 of 3rd period - Stopped by Tom McCollum without a rebound.
8:13 of 3rd period - Jonathan Drouin wins face-off versus Mark Scheifele in Stars zone.
8:22 of 3rd period - Slapshot by Jason Zucker.
8:22 of 3rd period - Goal by Jason Zucker - Stars : 4 - Avalanche : 4.
8:23 of 3rd period - Ryan O'Reilly wins face-off versus Mike Richards in neutral zone.
9:05 of 3rd period - Minor Penalty to Scott Hartnell for Holding.
9:06 of 3rd period - Ryan O'Reilly wins face-off versus Manny Malhotra in Avalanche zone.
9:15 of 3rd period - Slapshot by Matt Tennyson.
9:15 of 3rd period - Shot Misses the Net.
9:17 of 3rd period - Snap shot by Daniel Paille.
9:17 of 3rd period - Deflect By Manny Malhotra.
9:17 of 3rd period - Goal by Manny Malhotra - Stars : 5 - Avalanche : 4.
9:18 of 3rd period - Mark Scheifele wins face-off versus Mike Richards in neutral zone.
9:54 of 3rd period - Wrist shot by Mikkel Boedker.
9:54 of 3rd period - Shot Misses the Net.
9:56 of 3rd period - Backhand shot by Brad Stuart.
9:56 of 3rd period - Deflect By Bobby Ryan.
9:56 of 3rd period - Shot Misses the Net.
9:56 of 3rd period - Puck is out of play.
9:57 of 3rd period - Manny Malhotra wins face-off versus Ryan O'Reilly in Stars zone.
9:59 of 3rd period - Minor Penalty to Devin Setoguchi for Holding.
10:00 of 3rd period - Scott Hartnell wins face-off versus Alexandre Burrows in Stars zone.
10:12 of 3rd period - Snap shot by Bobby Ryan.
10:12 of 3rd period - Shot Blocked by John Moore.
10:36 of 3rd period - Slapshot by Mike Richards.
10:36 of 3rd period - Stopped by Eddie Lack with a rebound.
10:38 of 3rd period - Snap shot by Alexandre Burrows.
10:38 of 3rd period - Stopped by Eddie Lack with a rebound.
10:40 of 3rd period - Snap shot by Alexandre Burrows.
10:40 of 3rd period - Stopped by Eddie Lack with a rebound.
10:42 of 3rd period - Wrist shot by Alexandre Burrows.
10:42 of 3rd period - Stopped by Eddie Lack without a rebound.
10:43 of 3rd period - Mark Scheifele wins face-off versus Alexandre Burrows in Avalanche zone.
11:16 of 3rd period - Snap shot by Joffrey Lupul.
11:16 of 3rd period - Goal by Joffrey Lupul - Stars : 5 - Avalanche : 5.
11:17 of 3rd period - Manny Malhotra wins face-off versus Ryan O'Reilly in neutral zone.
11:34 of 3rd period - Snap shot by Jason Zucker.
11:34 of 3rd period - Stopped by Tom McCollum with a rebound.
12:19 of 3rd period - Manny Malhotra is hit by Mark Scheifele.
12:23 of 3rd period - Daniel Paille is hit by Mikkel Boedker and loses puck.
13:42 of 3rd period - Gabriel Bourque is hit by Valeri Nichushkin.
14:11 of 3rd period - Off-side.
14:12 of 3rd period - Scott Hartnell wins face-off versus Mike Richards in neutral zone.
14:16 of 3rd period - Off-side.
14:17 of 3rd period - Ryan O'Reilly wins face-off versus Alexander Wennberg in neutral zone.
14:34 of 3rd period - Snap shot by Jason Zucker.
14:34 of 3rd period - Stopped by Tom McCollum without a rebound.
14:35 of 3rd period - Mark Scheifele wins face-off versus Manny Malhotra in Stars zone.
14:40 of 3rd period - Wrist shot by Mikkel Boedker.
14:40 of 3rd period - Stopped by Tom McCollum with a rebound.
14:42 of 3rd period - Snap shot by Mark Scheifele.
14:42 of 3rd period - Stopped by Tom McCollum with a rebound.
14:44 of 3rd period - Slapshot by Brad Stuart.
14:44 of 3rd period - Deflect By Bobby Ryan.
14:44 of 3rd period - Stopped by Tom McCollum with a rebound.
14:46 of 3rd period - Slapshot by Brad Stuart.
14:46 of 3rd period - Deflect By Jamie Oleksiak.
14:46 of 3rd period - Goal by Brad Stuart - Stars : 5 - Avalanche : 6.
14:47 of 3rd period - Ryan O'Reilly wins face-off versus Manny Malhotra in neutral zone.
15:13 of 3rd period - Wrist shot by Scott Hartnell.
15:13 of 3rd period - Stopped by Tom McCollum without a rebound.
15:14 of 3rd period - Mark Scheifele wins face-off versus Casey Cizikas in Stars zone.
15:19 of 3rd period - Snap shot by Bobby Ryan.
15:19 of 3rd period - Stopped by Tom McCollum with a rebound.
16:09 of 3rd period - Wrist shot by Alexander Wennberg.
16:09 of 3rd period - Stopped by Eddie Lack with a rebound.
16:25 of 3rd period - Snap shot by Scott Hartnell.
16:25 of 3rd period - Stopped by Tom McCollum with a rebound.
16:27 of 3rd period - Wrist shot by Jason Zucker.
16:27 of 3rd period - Shot Misses the Net.
16:29 of 3rd period - Snap shot by Jason Zucker.
16:29 of 3rd period - Shot Blocked by Alexandre Burrows.
16:31 of 3rd period - Snap shot by Jakub Kindl.
16:31 of 3rd period - Stopped by Tom McCollum with a rebound.
16:33 of 3rd period - Slapshot by Brad Stuart.
16:33 of 3rd period - Deflect By Jason Zucker.
16:33 of 3rd period - Shot Blocked by Jamie Oleksiak.
16:33 of 3rd period - Puck is out of play.
16:34 of 3rd period - Ryan O'Reilly wins face-off versus Devin Setoguchi in Stars zone.
16:49 of 3rd period - Snap shot by Jason Zucker.
16:49 of 3rd period - Stopped by Tom McCollum with a rebound.
16:51 of 3rd period - Snap shot by Jason Zucker.
16:51 of 3rd period - Shot Misses the Net.
16:59 of 3rd period - Wrist shot by Scott Hartnell.
16:59 of 3rd period - Deflect By Jason Zucker.
16:59 of 3rd period - Shot Blocked by Manny Malhotra.
16:59 of 3rd period - Puck is out of play.
17:00 of 3rd period - Casey Cizikas wins face-off versus Daniel Winnik in Stars zone.
17:13 of 3rd period - Erik Haula is hit by Ladislav Smid and loses puck.
17:48 of 3rd period - Slapshot by Valeri Nichushkin.
17:48 of 3rd period - Stopped by Tom McCollum with a rebound.
17:50 of 3rd period - Slapshot by Brad Stuart.
17:50 of 3rd period - Deflect By Casey Cizikas.
17:50 of 3rd period - Stopped by Tom McCollum without a rebound.
17:51 of 3rd period - Mike Richards wins face-off versus Matt Moulson in Stars zone.
18:50 of 3rd period - Zach Redmond is hit by Devin Setoguchi and loses puck.
19:01 of 3rd period - Stars, Tom McCollum is pulled from the net.
19:05 of 3rd period - Wrist shot by Devin Setoguchi.
19:05 of 3rd period - Stopped by Eddie Lack without a rebound.
19:06 of 3rd period - Dan Bylsma call a timeout for Stars.
19:06 of 3rd period - Mike Richards wins face-off versus Ryan O'Reilly in Avalanche zone.
19:35 of 3rd period - Ryan O'Reilly is hit by Alexandre Burrows and loses puck.
19:45 of 3rd period - Minor Penalty to Brad Stuart for Holding.
19:46 of 3rd period - Ryan O'Reilly wins face-off versus Manny Malhotra in Avalanche zone.
19:57 of 3rd period - Wrist shot by Devin Setoguchi.
19:57 of 3rd period - Shot Blocked by Jakub Kindl.
19:59 of 3rd period - Slapshot by Daniel Paille.
19:59 of 3rd period - Stopped by Eddie Lack with a rebound.
Goals for this period are 2 for Stars vs 3 for Avalanche.
Shots for this period are 13 for Stars vs 23 for Avalanche.